 Dungeon Crawl Stone Soup version 0.27-a0-1560-g8cdb131 (webtiles) character file.

Game seed: 2082120420815654408

2089 Meow the Fighter (level 9, 0/91 HPs)
             Began as a Ghoul Fighter on July 16, 2021.
             Slain by a water moccasin zombie (4 damage)
             ... on level 6 of the Dungeon.
             The game lasted 00:13:50 (6405 turns).

Meow the Fighter (Ghoul Fighter)                    Turns: 6405, Time: 00:13:51

Health: 0/91       AC:  6    Str: 29    XL:     9   Next: 27%
Magic:  8/8        EV:  7    Int:  3    God:
Gold:   169        SH:  9    Dex:  8    Spells: 8/8 levels left

rFire    . . .     SeeInvis .   a - +0 rapier (elec)
rCold    + . .     Faith    .   c - +0 kite shield
rNeg     + + +     Spirit   .   b - +0 scale mail
rPois    ∞         Reflect  .   (no helmet)
rElec    .         Harm     .   (no cloak)
rCorr    .         Rampage  .   (no gloves)
Will     .....                  (no boots)
Stlth    ..........             (no amulet)
HPRegen  0.00/turn              n - +6 ring of strength
MPRegen  0.11/turn              (no ring)

@: no status effects
A: claws 1, cold resistance 1, negative energy resistance 3, inhibited
regeneration, torment resistance 2
a: no special abilities


You were on level 6 of the Dungeon.
You visited 1 branch of the dungeon, and saw 6 of its levels.

You collected 211 gold pieces.
You spent 42 gold pieces at shops.

Inventory:

Hand Weapons
 a - a +0 rapier of electrocution (weapon)
 m - a +0 war axe
Missiles
 g - 293 stones (quivered)
 k - 32 sling bullets
 r - a throwing net
 y - 21 arrows
Armour
 b - a +0 scale mail (worn)
 c - a +0 kite shield (worn)
Jewellery
 i - a ring of wizardry
 n - a +6 ring of strength (left claw)
Scrolls
 e - 2 scrolls of teleportation
 l - a scroll of amnesia
 o - 3 scrolls of fog {unknown}
 u - a scroll of brand weapon {unknown}
 v - a scroll of fear
 w - a scroll of immolation {unknown}
 x - a scroll of enchant weapon {unknown}
Potions
 d - a potion of might
 f - a potion of brilliance {unknown}
 h - a potion of resistance
 j - 4 potions of flight
 p - a potion of degeneration {unknown}
 q - a potion of attraction {unknown}
 s - a potion of lignification {unknown}
 t - a potion of heal wounds {unknown}
 z - a potion of haste {unknown}
 A - a potion of curing
 B - a potion of invisibility


   Skills:
 + Level 12.4 Fighting
 - Level 4.0 Axes
 - Level 2.6 Armour
 - Level 2.6 Shields


You had 8 spell levels left.
You didn't know any spells.
Your spell library was empty.

Dungeon Overview and Level Annotations

Branches:
Dungeon (6/15)
 Temple: D:4-7

Altars:
Cheibriados
Dithmenos
Qazlal
Ru
Wu Jian
Yredelemnul

Shops:
D:1 ?   D:5 *:

Annotations:
D:6 Edmund, Maggie


Innate Abilities, Weirdness & Mutations

You thrive by killing the living.
You are immune to poison.
You have sharp fingernails.
Your flesh is cold resistant. (rC+)
You are immune to negative energy. (rN+++)
You do not regenerate when monsters are visible.
You are immune to unholy pain and torment.


Message History

* * * LOW HITPOINT WARNING * * *
You barely miss Edmund.
Edmund is moderately wounded.
Edmund closely misses you.
The water moccasin zombie closely misses you.
You barely miss Edmund.
Edmund is moderately wounded.
You block the water moccasin zombie's attack.
Edmund hits you but does no damage.
The water moccasin zombie barely misses you.
You block Edmund's attack.
You completely miss Edmund.
Edmund is moderately wounded.
The water moccasin zombie bites you but does no damage.
Edmund hits you with a +6 flail of holy wrath.
* * * LOW HITPOINT WARNING * * *
You convulse.
* * * LOW HITPOINT WARNING * * *
The water moccasin zombie bites you but does no damage.
You closely miss Edmund.
Edmund is moderately wounded.
Edmund hits you with a +6 flail of holy wrath.
* * * LOW HITPOINT WARNING * * *
You convulse.
* * * LOW HITPOINT WARNING * * *
The water moccasin zombie bites you.
* * * LOW HITPOINT WARNING * * *
You block Edmund's attack.
You hit Edmund but do no damage. Lightning courses through Edmund!
Edmund is severely wounded.
You block the water moccasin zombie's attack.
Edmund hits you with a +6 flail of holy wrath.
* * * LOW HITPOINT WARNING * * *
You convulse.
* * * LOW HITPOINT WARNING * * *
The water moccasin zombie bites you but does no damage.
You barely miss Edmund.
Edmund is severely wounded.
The water moccasin zombie bites you.
You die...

##....# ##....#
##....#####
..)........
##....#########
..............#
#########.....#
##### #.....###...#
#.......@Z..#
#.....###@..#
#.....# #†..#
#.....# #...#
####### #...#####
#####...#...#####..
...................
######.##....#####
#.##.........#


You could see Edmund and a water moccasin zombie.

Vanquished Creatures
  Grinder (D:4)
  Sigmund (D:6)
  4 yaks
  Menkaure (D:4)
  A water moccasin (D:5)
  2 ogres
  Blork the orc (D:4)
  4 scorpions
  A wyvern zombie (D:5)
  A vampire bat (D:2)
  A centaur skeleton (D:5)
  2 iguanas (D:5)
  An orc wizard (D:4)
  A killer bee zombie (D:5)
  A hound skeleton (D:5)
  Robin (D:3)
  3 gnolls (D:3)
  7 adders
  2 white imps (D:6)
  An adder zombie (D:5)
  2 worms
  2 dart slugs
  6 orcs
  9 ball pythons
  8 endoplasms
  3 giant cockroaches
  15 goblins
  9 hobgoblins
  10 jackals
  2 quokkas
  8 bats
  3 frilled lizards (D:1)
  6 kobolds
  3 rats
123 creatures vanquished.

Notes
Turn   | Place    | Note
-------+----------+-------------------------------------------
     0 | D:1      | Meow the Ghoul Fighter began the quest for the Orb.
     0 | D:1      | Reached XP level 1. HP: 19/19 MP: 0/0
    12 | D:1      | Found Xalas's Magic Scroll Emporium.
   207 | D:1      | Reached XP level 2. HP: 26/26 MP: 1/1
   251 | D:1      | Found a faded altar of an unknown god.
   575 | D:1      | Reached XP level 3. HP: 29/33 MP: 2/2
   623 | D:1      | Reached skill level 4 in Fighting
  1668 | D:2      | Reached XP level 4. HP: 40/40 MP: 3/3
  2287 | D:2      | Reached XP level 5. HP: 40/47 MP: 4/4
  2501 | D:3      | Found a sacrificial altar of Ru.
  2776 | D:3      | Noticed Robin
  2791 | D:3      | Killed Robin
  2792 | D:3      | Reached skill level 5 in Fighting
  3109 | D:4      | Reached skill level 6 in Fighting
  3109 | D:4      | Reached XP level 6. HP: 26/57 MP: 5/5
  3352 | D:4      | Noticed Menkaure
  3455 | D:4      | Killed Menkaure
  3456 | D:4      | Reached skill level 7 in Fighting
  3666 | D:4      | Noticed Blork the orc
  3753 | D:5      | Entered Level 5 of the Dungeon
  3753 | D:5      | Found Ikuawojy's General Store.
  3762 | D:5      | Bought a scroll of fear for 42 gold pieces
  3764 | D:5      | Noticed a yak
  3764 | D:5      | Noticed a yak
  3771 | D:5      | Noticed a yak
  3772 | D:5      | Noticed a yak
  4015 | D:4      | Killed Blork the orc
  4016 | D:4      | Reached XP level 7. HP: 41/66 MP: 6/6
  4188 | D:5      | Reached skill level 8 in Fighting
  4873 | D:5      | Reached skill level 9 in Fighting
  4918 | D:5      | Reached XP level 8. HP: 78/78 MP: 7/7
  4942 | D:5      | Found Isisch's Self-Improvement Boutique.
  5045 | D:4      | Killed a yak
  5046 | D:4      | Reached skill level 10 in Fighting
  5144 | D:4      | Found a stormy altar of Qazlal.
  5145 | D:4      | Found a basalt altar of Yredelemnul.
  5145 | D:4      | Found a shadowy altar of Dithmenos.
  5147 | D:4      | Found an ornate altar of the Wu Jian Council.
  5147 | D:4      | Found a snail-covered altar of Cheibriados.
  5147 | D:4      | Noticed Grinder
  5173 | D:4      | Paralysed by Grinder for 7 turns
  5184 | D:4      | Killed Grinder
  5566 | D:4      | Reached skill level 11 in Fighting
  5598 | D:4      | Killed a yak
  5786 | D:5      | Killed a yak
  5787 | D:5      | Reached XP level 9. HP: 74/90 MP: 8/8
  5792 | D:5      | Reached skill level 12 in Fighting
  6191 | D:6      | Noticed Maggie
  6332 | D:6      | Noticed Sigmund
  6339 | D:6      | Killed Sigmund
  6382 | D:6      | Noticed Edmund
  6404 | D:6      | HP: 4/91 [Edmund (3)]
  6405 | D:6      | Slain by a water moccasin zombie

Illustrated notes

Levels and vault maps discovered:
D:1:      scummos_arrival_star, layout_basic, serial_shops, shop,
          shapermc_ecumenical_altar_notcrosses, minivault_14
D:2:      layout_basic
D:3:      layout_basic, nicolae_ru_path_of_blood, roderic_batcave, uniq_robin
D:4:      layout_basic, grunt_temple_overflow_open, uniq_menkaure,
          uniq_blork_the_orc, uniq_grinder
D:5:      layout_basic, serial_shops,
          nicolae_shop_temple_entry_statues_fountains, nicolae_shop_self_help
D:6:      minmay_bubble_buster, layout_basic, minmay_misc_feat_tiny,
          uniq_edmund, uniq_sigmund, uniq_maggie

Skill      XL: |  1  2  3  4  5  6  7  8  9 |
---------------+----------------------------+-----
Axes           | 2 3 4 |  4.0
Fighting       | 4 6 7 9 11 12 | 12.4
Armour         | |  2.6
Shields        | |  2.6

Action                   |  1- 3 |  4- 6 |  7- 9 || total
-------------------------+-------+-------+-------++-------
Melee: War axe           |   187 |    19 |       ||   206
       Rapier            |       |   175 |   172 ||   347
Throw: Stone             |       |       |     2 ||     2
  Use: Scroll            |       |     5 |       ||     5
       Potion            |       |       |     2 ||     2
 Stab: Invisible         |       |       |     1 ||     1
Armor: Scale mail        |   108 |    96 |    63 ||   267
Dodge: Dodged            |    65 |    64 |    51 ||   180
Block: Kite shield       |   113 |   125 |    99 ||   337

Table legend: (Time is in decaauts)
 A = Elapsed time spent in this place.
 B = Non-inter-level travel time spent in this place.
 C = Inter-level travel time spent in this place.
 D = Time resting spent in this place.
 E = Time spent auto-exploring this place.
 F = Levels seen in this place.
 G = Mean time per level.
                   A        B        C        D        E       F      G
               +--------+--------+--------+--------+--------+-----+--------+
         Total |   6698 |   6338 |    360 |   1837 |   2869 |   6 | 1116.3 |
       Dungeon |   6698 |   6338 |    360 |   1837 |   2869 |   6 | 1116.3 |
               +--------+--------+--------+--------+--------+-----+--------+

Top non-repeatable levels by time:
     D:4: 1529 daAuts
     D:5: 1498 daAuts
     D:2: 1248 daAuts
     D:1: 1181 daAuts
     D:3: 962 daAuts
     D:6: 277 daAuts
